[ AOE2 MATCH · #507632152 ]
UnrankedJapanese vs Huns
Player's team · LOSS
Rival team · WIN
[ REPLAY ANALYSIS · EXTRACTED FROM THE RECORDED GAME ]
Feudal
11:10
Castle
34:03
Imperial
—
| APM avg | 16.7 |
| APM peak | 36 |
| eAPM avg | 9.6 |
| Villagers / military | 40 / 28 |
Focus
⚔️ 27.9% · 🌾 72.1%
Militia ×19 · Spearman ×9
Feudal
17:46
Castle
27:25
Imperial
—
| APM avg | 38.3 |
| APM peak | 98 |
| eAPM avg | 20.2 |
| Villagers / military | 69 / 34 |
Focus
⚔️ 43.6% · 🌾 56.4%
Scout Cavalry ×20 · Cavalry Archer ×4 · Knight ×3 · Tarkan ×3 · Scorpion ×2 · Archer ×1
Match map
Initial resources + every placement click. Lines = walls · curves = elevation contours. ◆ gold · ⬟ stone · ● berries · ✦ relic · ◌ wall gap
Your base· Open — unwalled flank
Sir_Malmsteen's base· Open — unwalled flank
Smoothed initial terrain · ◌ = detected wall gap · hover for details
Inputs per minute
— [VENINI]LordMooca - - Sir_Malmsteen
Build order — [VENINI]LordMooca
126 actions detected in the replay
| 0:02 | Queue | Villager (Male) ×4 |
| 0:02 | Research | Loom |
| 0:07 | Build | House |
| 1:52 | Build | House |
| 1:58 | Queue | Villager (Male) |
| 2:25 | Queue | Villager (Male) |
| 3:25 | Queue | Villager (Male) |
| 3:25 | Queue | Villager (Male) |
| 3:26 | Queue | Villager (Male) |
| 3:37 | Build | House |
| 5:06 | Queue | Villager (Male) |
| 5:06 | Queue | Villager (Male) |
| 5:20 | Queue | Villager (Male) |
| 5:52 | Queue | Villager (Male) |
| 5:53 | Queue | Villager (Male) |
| 6:14 | Build | Mill |
| 6:26 | Queue | Villager (Male) |
| 7:20 | Build | Lumber Camp |
| 7:23 | Queue | Villager (Male) |
| 7:43 | Queue | Villager (Male) |
| 8:11 | Build | House |
| 8:50 | Build | Barracks |
| 9:00 | Research | Feudal Age |
| 10:11 | Queue | Militia |
| 10:11 | Queue | Militia |
| 10:12 | Queue | Militia |
| 10:15 | Build | House |
| 11:00 | Build | House |
| 11:06 | Build | Mill |
| 11:10 | Age | Feudal Age |
| 11:15 | Research | Man-at-Arms (upgrade) |
| 11:19 | Queue | Militia |
| 11:27 | Queue | Villager (Male) |
| 11:27 | Queue | Villager (Male) |
| 11:54 | Research | Man-at-Arms (upgrade) |
| 12:45 | Queue | Militia |
| 12:58 | Queue | Villager (Male) |
| 12:58 | Queue | Villager (Male) |
| 13:26 | Queue | Militia |
| 13:36 | Build | Watch Tower |
| 13:43 | Build | House |
| 13:45 | Build | House |
| 13:59 | Queue | Militia |
| 13:59 | Queue | Militia |
| 14:37 | Build | Mining Camp |
| 14:57 | Build | Mill |
| 15:46 | Queue | Villager (Male) |
| 17:03 | Queue | Villager (Male) |
| 17:03 | Queue | Villager (Male) |
| 17:19 | Build | Barracks |
| 17:36 | Queue | Villager (Male) |
| 17:51 | Queue | Militia |
| 17:51 | Queue | Militia |
| 17:51 | Queue | Militia |
| 18:00 | Build | House |
| 18:12 | Queue | Villager (Male) |
| 19:22 | Build | Market |
| 19:24 | Queue | Militia |
| 19:24 | Queue | Militia |
| 19:29 | Queue | Villager (Male) |
| 19:29 | Queue | Villager (Male) |
| 20:29 | Build | Watch Tower |
| 20:37 | Queue | Militia |
| 21:09 | Build | House |
| 21:33 | Build | Mining Camp |
| 21:41 | Build | Farm |
| 21:41 | Build | Farm |
| 21:42 | Build | Farm |
| 21:43 | Build | Farm |
| 21:45 | Build | Farm |
| 22:43 | Build | Farm |
| 22:44 | Build | Farm |
| 22:44 | Build | Farm |
| 22:44 | Build | Farm |
| 22:44 | Build | Farm |
| 22:45 | Build | Farm |
| 23:09 | Build | Watch Tower |
| 23:28 | Queue | Villager (Male) |
| 24:03 | Queue | Militia |
| 24:03 | Queue | Militia |
| 24:17 | Build | Farm |
| 24:24 | Build | Farm |
| 24:24 | Build | Farm |
| 24:24 | Build | Farm |
| 24:24 | Build | Farm |
| 24:25 | Build | Farm |
| 24:50 | Build | Mining Camp |
| 24:59 | Research | Arson |
| 25:04 | Queue | Villager (Male) |
| 25:04 | Queue | Villager (Male) |
| 26:23 | Queue | Militia |
| 26:28 | Queue | Villager (Male) |
| 26:29 | Queue | Villager (Male) |
| 26:32 | Research | Double-Bit Axe |
| 27:14 | Queue | Militia |
| 27:15 | Queue | Militia |
| 27:23 | Research | Wheelbarrow |
| 30:29 | Queue | Spearman |
| 30:30 | Queue | Spearman |
| 30:53 | Build | Blacksmith |
| 31:19 | Queue | Spearman |
| 31:19 | Queue | Spearman |
| 31:23 | Research | Castle Age |
| 31:31 | Build | House |
| 31:33 | Build | House |
| 31:42 | Build | House |
| 31:44 | Build | House |
| 31:46 | Build | House |
| 32:22 | Queue | Spearman |
| 32:23 | Queue | Spearman |
| 32:50 | Queue | Spearman |
| 32:55 | Research | Scale Mail Armor |
| 33:14 | Queue | Spearman |
| 33:14 | Queue | Spearman |
| 33:47 | Research | Fletching |
| 34:03 | Age | Castle Age |
| 34:08 | Research | Forging |
| 34:47 | Build | Town Center |
| 34:56 | Queue | Villager (Male) |
| 34:56 | Queue | Villager (Male) |
| 34:56 | Queue | Villager (Male) |
| 34:56 | Queue | Villager (Male) |
| 36:59 | Research | Pikeman (upgrade) |
| 37:06 | Queue | Villager (Male) |
| 37:06 | Queue | Villager (Male) |
| 37:07 | Queue | Villager (Male) |
Build order — Sir_Malmsteen
First 150 of 223 actions detected
| 0:01 | Queue | Villager (Male) |
| 0:01 | Queue | Villager (Male) |
| 0:01 | Queue | Villager (Male) |
| 0:23 | Queue | Villager (Male) |
| 1:26 | Queue | Villager (Male) |
| 1:52 | Build | Lumber Camp |
| 2:14 | Queue | Villager (Male) |
| 2:15 | Queue | Villager (Male) |
| 2:15 | Queue | Villager (Male) |
| 3:23 | Queue | Villager (Male) |
| 3:24 | Queue | Villager (Male) |
| 3:47 | Queue | Villager (Male) |
| 3:47 | Queue | Villager (Male) |
| 4:35 | Queue | Villager (Male) |
| 5:50 | Queue | Villager (Male) |
| 6:22 | Queue | Villager (Male) |
| 6:33 | Build | Mill |
| 6:34 | Queue | Villager (Male) |
| 6:49 | Research | Loom |
| 7:04 | Queue | Villager (Male) |
| 7:15 | Build | Palisade Gate |
| 7:25 | Build | Palisade Wall |
| 7:29 | Build | Palisade Gate |
| 7:32 | Build | Palisade Wall |
| 7:33 | Build | Palisade Wall |
| 7:33 | Queue | Villager (Male) |
| 7:33 | Queue | Villager (Male) |
| 7:59 | Build | Palisade Wall |
| 8:05 | Build | Palisade Wall |
| 8:06 | Build | Palisade Wall |
| 8:06 | Queue | Villager (Male) |
| 8:41 | Build | Palisade Wall |
| 8:42 | Queue | Villager (Male) |
| 8:42 | Queue | Villager (Male) |
| 9:05 | Queue | Villager (Male) |
| 9:11 | Build | Palisade Gate |
| 9:14 | Build | Palisade Wall |
| 9:16 | Build | Palisade Wall |
| 9:29 | Queue | Villager (Male) |
| 9:32 | Build | Palisade Wall |
| 9:36 | Build | Palisade Gate |
| 10:10 | Queue | Villager (Male) |
| 10:10 | Queue | Villager (Male) |
| 10:13 | Queue | Villager (Male) |
| 10:33 | Queue | Villager (Male) |
| 10:36 | Build | Farm |
| 10:38 | Queue | Villager (Male) |
| 10:56 | Build | Palisade Gate |
| 10:58 | Build | Palisade Gate |
| 11:21 | Queue | Villager (Male) |
| 11:24 | Build | Farm |
| 11:24 | Build | Farm |
| 11:31 | Build | Palisade Wall |
| 11:41 | Build | Palisade Wall |
| 11:49 | Queue | Villager (Male) |
| 12:41 | Queue | Villager (Male) |
| 12:42 | Queue | Villager (Male) |
| 13:07 | Queue | Villager (Male) |
| 13:19 | Build | Palisade Gate |
| 13:27 | Build | Palisade Wall |
| 13:32 | Build | Palisade Wall |
| 13:40 | Queue | Villager (Male) |
| 13:53 | Build | Palisade Wall |
| 14:47 | Queue | Villager (Male) |
| 14:53 | Queue | Villager (Male) |
| 15:11 | Build | Palisade Wall |
| 15:16 | Build | Farm |
| 15:21 | Queue | Villager (Male) |
| 15:24 | Research | Feudal Age |
| 15:37 | Build | Mining Camp |
| 16:55 | Build | Palisade Wall |
| 17:01 | Build | Farm |
| 17:20 | Build | Palisade Wall |
| 17:21 | Build | Palisade Wall |
| 17:23 | Build | Palisade Wall |
| 17:30 | Build | Mining Camp |
| 17:36 | Build | Barracks |
| 17:46 | Age | Feudal Age |
| 17:50 | Build | Farm |
| 17:52 | Queue | Villager (Male) |
| 17:54 | Research | Double-Bit Axe |
| 17:55 | Research | Horse Collar |
| 17:59 | Build | Lumber Camp |
| 18:04 | Queue | Villager (Male) |
| 18:07 | Build | Palisade Wall |
| 18:11 | Build | Palisade Wall |
| 18:18 | Build | Palisade Wall |
| 18:26 | Queue | Villager (Male) |
| 18:50 | Build | Palisade Wall |
| 19:14 | Build | Palisade Gate |
| 19:22 | Build | Watch Tower |
| 19:25 | Build | Stone Wall |
| 19:33 | Build | Stone Wall |
| 19:35 | Build | Stone Wall |
| 19:39 | Build | Farm |
| 19:46 | Build | Stone Wall |
| 19:50 | Build | Stone Wall |
| 19:52 | Build | Farm |
| 19:52 | Build | Farm |
| 19:52 | Build | Farm |
| 19:54 | Queue | Villager (Male) |
| 19:57 | Build | Stone Wall |
| 20:01 | Build | Stone Wall |
| 20:16 | Build | Farm |
| 20:16 | Build | Farm |
| 20:18 | Queue | Villager (Male) |
| 20:26 | Build | Archery Range |
| 20:50 | Build | Mining Camp |
| 20:53 | Build | Farm |
| 20:54 | Build | Farm |
| 21:11 | Build | Archery Range |
| 21:16 | Build | Stone Wall |
| 21:23 | Build | Stone Wall |
| 21:25 | Queue | Villager (Male) |
| 21:35 | Queue | Villager (Male) |
| 21:49 | Build | Palisade Gate |
| 21:54 | Build | Palisade Wall |
| 21:57 | Build | Palisade Wall |
| 21:57 | Queue | Villager (Male) |
| 21:57 | Queue | Villager (Male) |
| 22:03 | Build | Farm |
| 22:26 | Build | Stone Wall |
| 22:35 | Queue | Villager (Male) |
| 22:38 | Build | Farm |
| 22:41 | Queue | Villager (Male) |
| 22:52 | Build | Mining Camp |
| 22:53 | Queue | Archer |
| 22:59 | Queue | Villager (Male) |
| 23:04 | Build | Stable |
| 23:13 | Build | Market |
| 23:15 | Build | Stone Wall |
| 23:16 | Build | Stone Wall |
| 23:21 | Queue | Villager (Male) |
| 23:28 | Build | Farm |
| 23:39 | Build | Farm |
| 24:15 | Build | Farm |
| 24:28 | Build | Farm |
| 24:34 | Research | Castle Age |
| 24:34 | Research | Castle Age |
| 25:20 | Queue | Villager (Male) |
| 25:28 | Build | Watch Tower |
| 25:49 | Build | Palisade Wall |
| 25:51 | Build | Palisade Wall |
| 25:53 | Build | Palisade Wall |
| 25:56 | Build | Palisade Wall |
| 26:15 | Build | Stable |
| 26:32 | Research | Stone Mining |
| 26:37 | Research | Bloodlines |
| 26:40 | Build | Blacksmith |
| 26:45 | Queue | Scout Cavalry |
Match timeline
| 7:25 | Sir_Malmsteen · wall_segment Palisade Wall x1 |
| 7:32 | Sir_Malmsteen · wall_segment Palisade Wall x1 |
| 7:33 | Sir_Malmsteen · wall_segment Palisade Wall x1 |
| 7:59 | Sir_Malmsteen · wall_segment Palisade Wall x5 |
| 8:05 | Sir_Malmsteen · wall_segment Palisade Wall x1 |
| 8:06 | Sir_Malmsteen · wall_segment Palisade Wall x1 |
| 8:41 | Sir_Malmsteen · wall_segment Palisade Wall x1 |
| 8:50 | [VENINI]LordMooca · first_building Barracks |
| 9:14 | Sir_Malmsteen · wall_segment Palisade Wall x1 |
| 9:16 | Sir_Malmsteen · wall_segment Palisade Wall x1 |
| 9:32 | Sir_Malmsteen · wall_segment Palisade Wall x1 |
| 11:10 | [VENINI]LordMooca · age_up feudal |
| 11:31 | Sir_Malmsteen · wall_segment Palisade Wall x1 |
| 11:41 | Sir_Malmsteen · wall_segment Palisade Wall x5 |
| 13:27 | Sir_Malmsteen · wall_segment Palisade Wall x1 |
| 13:32 | Sir_Malmsteen · wall_segment Palisade Wall x1 |
| 13:53 | Sir_Malmsteen · wall_segment Palisade Wall x7 |
| 15:11 | Sir_Malmsteen · wall_segment Palisade Wall x7 |
| 16:55 | Sir_Malmsteen · wall_segment Palisade Wall x1 |
| 17:20 | Sir_Malmsteen · wall_segment Palisade Wall x1 |
| 17:21 | Sir_Malmsteen · wall_segment Palisade Wall x5 |
| 17:23 | Sir_Malmsteen · wall_segment Palisade Wall x6 |
| 17:36 | Sir_Malmsteen · first_building Barracks |
| 17:46 | Sir_Malmsteen · age_up feudal |
| 18:07 | Sir_Malmsteen · wall_segment Palisade Wall x2 |
| 18:11 | Sir_Malmsteen · wall_segment Palisade Wall x1 |
| 18:18 | Sir_Malmsteen · wall_segment Palisade Wall x8 |
| 18:50 | Sir_Malmsteen · wall_segment Palisade Wall x1 |
| 19:25 | Sir_Malmsteen · wall_segment Stone Wall x1 |
| 19:33 | Sir_Malmsteen · wall_segment Stone Wall x1 |
| 19:35 | Sir_Malmsteen · wall_segment Stone Wall x1 |
| 19:46 | Sir_Malmsteen · wall_segment Stone Wall x1 |
| 19:50 | Sir_Malmsteen · wall_segment Stone Wall x1 |
| 19:57 | Sir_Malmsteen · wall_segment Stone Wall x1 |
| 20:01 | Sir_Malmsteen · wall_segment Stone Wall x1 |
| 20:17 | [VENINI]LordMooca · first_market_sell 100 food |
| 20:20 | [VENINI]LordMooca · first_market_buy 100 stone |
| 20:26 | Sir_Malmsteen · first_building Archery Range |
| 21:16 | Sir_Malmsteen · wall_segment Stone Wall x5 |
| 21:23 | Sir_Malmsteen · wall_segment Stone Wall x6 |
| 21:54 | Sir_Malmsteen · wall_segment Palisade Wall x1 |
| 21:57 | Sir_Malmsteen · wall_segment Palisade Wall x1 |
| 22:26 | Sir_Malmsteen · wall_segment Stone Wall x1 |
| 23:04 | Sir_Malmsteen · first_building Stable |
| 23:15 | Sir_Malmsteen · wall_segment Stone Wall x1 |
| 23:16 | Sir_Malmsteen · wall_segment Stone Wall x1 |
| 24:19 | Sir_Malmsteen · first_market_sell 100 wood |
| 25:49 | Sir_Malmsteen · wall_segment Palisade Wall x1 |
| 25:51 | Sir_Malmsteen · wall_segment Palisade Wall x1 |
| 25:53 | Sir_Malmsteen · wall_segment Palisade Wall x1 |
| 25:56 | Sir_Malmsteen · wall_segment Palisade Wall x1 |
| 27:25 | Sir_Malmsteen · age_up castle |
| 27:58 | Sir_Malmsteen · wall_segment Stone Wall x1 |
| 28:11 | Sir_Malmsteen · wall_segment Stone Wall x1 |
| 29:08 | Sir_Malmsteen · wall_segment Stone Wall x1 |
| 29:10 | Sir_Malmsteen · wall_segment Stone Wall x1 |
| 29:14 | Sir_Malmsteen · wall_segment Stone Wall x1 |
| 29:16 | Sir_Malmsteen · wall_segment Stone Wall x1 |
| 29:36 | Sir_Malmsteen · first_building Siege Workshop |
| 32:56 | Sir_Malmsteen · first_building Castle |
| 34:03 | [VENINI]LordMooca · age_up castle |
| 37:59 | [VENINI]LordMooca · resign |
[ AI ANALYSIS · 1 CREDIT ]
What really happened in this match?
Wolo.gg analyzes every decision: build order, eco, micro, common mistakes by bracket. Personalized analysis on WhatsApp or Discord in 30 seconds.
Civ guide
Japanese
Perfil
Jugador #3364516